 Dungeon Crawl Stone Soup version 0.29-a0-732-g3d7fbe0af2 (webtiles) character file.

Game seed: 13287300407489505591

12331 Armakuni the Cruncher (level 12, -3/83 HPs)
             Began as a Human Transmuter on June 29, 2022.
             Was a Believer of Elyvilon.
             Slain by an orange demon (5 damage)
             ... led by Amaemon
             ... on level 11 of the Dungeon.
             The game lasted 00:36:39 (14703 turns).

Armakuni the Cruncher (Human Transmuter)           Turns: 14703, Time: 00:36:40

Health: -3/83      AC:  9    Str: 14    XL:     12   Next: 18%
Magic:  15/15      EV: 15    Int: 15    God:    Elyvilon [**....]
Gold:   547        SH:  5    Dex: 14    Spells: 13/15 levels left

rFire   + . .      SeeInvis +   a - +5 quarterstaff (speed)
rCold   + + .      Faith    .   (shield currently unavailable)
rNeg    . . .      Spirit   .   K - +1 ring mail {Will+}
rPois   +          Reflect  +   f - +2 helmet {SInv}
rElec   +          Harm     .   h - scarf {repulsion}
rCorr   +          Rampage  .   (no gloves)
Will    +....                   (no boots)
Stlth   +.........              H - amulet of reflection
HPRegen 0.23/turn               N - ring of protection from cold
MPRegen 0.14/turn               E - +4 ring of evasion

@: mighty, resistant, repel missiles
A: no striking features
a: Renounce Religion, Purification, Heal Other


You were on level 11 of the Dungeon.
You worshipped Elyvilon.
Elyvilon was pleased with you.
You visited 2 branches of the dungeon, and saw 12 of its levels.
You also visited: Bailey.

You collected 1684 gold pieces.
You spent 1137 gold pieces at shops.

Inventory:

Hand Weapons
 a - a +5 quarterstaff of speed (weapon)
Missiles
 t - 9 throwing nets
 u - 6 javelins
 x - 2 boomerangs
Armour
 b - a +2 crystal plate armour
 f - a +2 helmet of see invisible (worn)
 h - a scarf of repulsion (worn)
 z - a scarf of resistance
 K - a +1 ring mail of willpower (worn)
Magical Staves
 D - a staff of earth
Jewellery
 E - a +4 ring of evasion (right hand)
 F - a ring of fire
 H - an amulet of reflection (around neck)
 J - a ring of ice
 N - a ring of protection from cold (left hand)
Wands
 k - a wand of digging (19)
 p - a wand of polymorph (5)
 v - a wand of flame (23)
Scrolls
 c - 2 scrolls of fog
 e - 2 scrolls of immolation
 l - 3 scrolls of fear
 n - 2 scrolls of blinking
 o - 2 scrolls of poison
 q - 2 scrolls of magic mapping
 w - 6 scrolls of teleportation
 y - a scroll of enchant armour
 A - a scroll of amnesia
 L - a scroll of vulnerability
Potions
 d - a potion of might
 g - 8 potions of curing
 i - 2 potions of lignification
 j - a potion of heal wounds {unknown}
 r - 2 potions of berserk rage
 s - 2 potions of mutation
 C - a potion of brilliance
 M - a potion of flight {unknown}


   Skills:
 - Level 4.0 Fighting
 - Level 1.0(7.6) Maces & Flails
 - Level 11.9(12.0) Staves
 - Level 2.0 Dodging
 - Level 3.0 Unarmed Combat
 - Level 2.0 Spellcasting
 - Level 2.0 Transmutations
 + Level 9.6 Earth Magic
 - Level 10.0 Evocations


You had 13 spell levels left.
You knew the following spells:

 Your Spells              Type           Power      Damage    Failure   Level
w - Wereblood             Tmut           7%         N/A       30%         2

Your spell library contained the following spells:

 Spells                   Type           Power      Damage    Failure   Level
 Beastly Appendage        Tmut           14%        N/A       21%         1
 Lee's Rapid Deconstruct  Erth           15%        3d11*     24%         5
 Freeze                   Ice            4%         1d3       41%         1
 Animate Armour           Summ/Erth      30%        N/A       54%         4
 Scorch                   Fire           2%         2d5       56%         2
 Spider Form              Tmut/Pois      4%         N/A       65%         3
 Dazzling Flash           Conj/Hex       2%         N/A       80%         3
 Frozen Ramparts          Ice            2%         1d2       80%         3
 Ice Form                 Ice/Tmut       4%         N/A       96%         4
 Corpse Rot               Necr/Pois/Air  1%         N/A       99%         4
 Dispel Undead            Necr           1%         3d6       99%         4
 Flame Wave               Conj/Fire      1%         2d4       99%         4
 Fulminant Prism          Conj/Hex       0%         3d6       99%         4
 Hailstorm                Conj/Ice       1%         3d3       99%         4
 Iskenderun's Mystic Bla  Conj/Tloc      1%         2d3       99%         4
 Passage of Golubria      Tloc           1%         N/A       99%         4
 Blade Hands              Tmut           3%         N/A       99%         5
 Agony                    Necr           1%         N/A       100%        5
 Silence                  Hex/Air        0%         N/A       100%        5
 Death Channel            Necr           0%         N/A       100%        6
 Iron Shot                Conj/Erth      7%         9d2       100%        6
 Summon Cactus Giant      Summ           0%         N/A       100%        6
 Lehudib's Crystal Spear  Conj/Erth      7%         10d3      100%        8


Dungeon Overview and Level Annotations

Branches:
Dungeon (11/15)            Temple (1/1) D:6          Bailey (visited)
   Lair: D:8-11         Orc: D:9-12

Altars:
Ashenzari
Cheibriados
Dithmenos
Elyvilon
Fedhas
Gozag
Hepliaklqana
Kikubaaqudgha
Makhleb
Nemelex Xobeh
Okawaru
Qazlal
Ru
Sif Muna
Trog
Uskayaw
Vehumet
Wu Jian
Xom
Yredelemnul
Zin
The Shining One

Shops:
D:3 *[[**   D:6 *   D:9 (   D:10 [


Message History

You feel protected. You block Amaemon's attack. Amaemon claws you!
* * * LOW HITPOINT WARNING * * *
Amaemon tail-slaps you but does no damage.
The orange demon stings you from afar! Elyvilon protects you from harm!
You feel better.
Amaemon gestures wildly while chanting.
The orange demon stings you from afar.
* * * LOW HITPOINT WARNING * * *
Okay, then.
Unknown command.
You bludgeon Amaemon!!
You kill Amaemon!
The scorpion disappears in a puff of smoke! x3
Okay, then.
Unknown command.
You feel better. The orange demon stings you from afar!
* * * LOW HITPOINT WARNING * * *
The orange demon misses you. The orange demon completely misses you.
Things that are here:
a +1 demon whip of venom; a purple potion You thump the orange demon!
The orange demon is lightly wounded.
The orange demon stings you.
* * * LOW HITPOINT WARNING * * *
The orange demon barely misses you.
You sock the orange demon!
The orange demon is heavily wounded.
You thump the orange demon!
The orange demon is severely wounded.
You block the orange demon's attack. The orange demon misses you.
You sock the orange demon!
The orange demon is almost dead.
You barely miss the orange demon.
The orange demon is almost dead.
The orange demon stings you.
* * * LOW HITPOINT WARNING * * *
The orange demon hits you.
You die...

............(........
..................○..
..............°!.B...
..#####.......# ..#
#......°# ..# #......°#
..#####......○#
..............########.#
...............4@......#
...............#######(..#
...............# .#
#####.######...# #.# #...#
.######..[#
#####..........#
......######...# ......#
#...#


You could see an orange demon.

Vanquished Creatures
  Josephine (D:11)
  Harold (D:9)
  A hydra (D:11)
  A boulder beetle (D:11)
  Nergalle (D:10)
  Amaemon (D:11)
  Pikel (D:7)
  A cyclops (D:8)
  2 gargoyles
  A kobold demonologist (D:11)
  2 trolls (D:11)
  A hornet (D:9)
  3 wraiths (D:11)
  A shadow (D:11)
  Eustachio (Temple)
  A wyvern (D:11)
  4 steam dragons
  3 acid dragons
  3 water moccasins
  2 sky beasts
  An ice beast (D:8)
  4 black bears
  8 orc warriors
  3 ogres
  4 centaurs
  A phantom (D:6)
  4 lemures (D:7)
  3 kobold brigands
  4 necrophages
  2 scorpions (D:6)
  A gnoll sergeant (D:9)
  3 killer bees (D:9)
  6 howler monkeys
  4 gnoll shamans
  4 hounds
  9 orc priests
  3 jellies
  Jessica (D:2)
  4 iguanas
  9 orc wizards
  28 gnolls
  11 adders
  2 worms
  2 dart slugs
  42 orcs
  4 endoplasms
  4 giant cockroaches
  10 goblins
  5 hobgoblins
  10 jackals
  18 kobolds
  3 quokkas
  6 ball pythons
  2 bats (D:1)
  2 frilled lizards (D:1)
  9 rats
268 creatures vanquished.

Notes
Turn   | Place    | Note
-------+----------+-------------------------------------------
     0 | D:1      | Armakuni the Human Transmuter began the quest for the Orb.
     0 | D:1      | Reached XP level 1. HP: 15/15 MP: 3/3
   259 | D:1      | Found a faded altar of an unknown god.
   509 | D:1      | Reached XP level 2. HP: 21/22 MP: 5/5
   855 | D:1      | Learned a level 2 spell: Wereblood
   997 | D:2      | Reached XP level 3. HP: 20/28 MP: 6/6
  1233 | D:2      | Found a shimmering blue altar of Sif Muna.
  1406 | D:2      | Reached XP level 4. HP: 35/35 MP: 5/7
  1652 | D:2      | Noticed Jessica
  1658 | D:2      | Killed Jessica
  1659 | D:2      | Reached skill level 1 in Maces & Flails
  1713 | D:2      | Reached XP level 5. HP: 22/42 MP: 8/8
  1716 | D:2      | Reached skill level 1 in Evocations
  1876 | D:2      | Found a runed translucent door.
  1877 | D:2      | Noticed Crazy Yiuf
  1978 | D:2      | Identified a scroll of acquirement
  1978 | D:2      | Acquired 1082 gold pieces
  2283 | D:3      | Identified the +1 leather armour of Ydghiri {rElec Dex+4}
  2401 | D:2      | Noticed Crazy Yiuf
  2401 | D:2      | Crazy Yiuf changed into Crazy Yiuf the hound
  2410 | D:2      | Killed Crazy Yiuf the hound
  2593 | D:3      | Found Mynuj's Assorted Antiques.
  2603 | D:3      | Bought an embroidered scarf for 208 gold pieces
  2603 | D:3      | Bought 3 scrolls labelled PYPPIQ ZUP QIK for 78 gold pieces
  2603 | D:3      | Bought a wand of flame (16) for 26 gold pieces
  2705 | D:3      | Bought a scroll of identify for 52 gold pieces
  2706 | D:3      | Bought a wooden wand for 104 gold pieces
  2787 | D:3      | Identified the +8 mace of Contention {pain, rC+++ MP+9
                  | Str+3 Int-4}
  2865 | D:3      | Reached skill level 1 in Staves
  2886 | D:3      | Found Estres's Armour Emporium.
  2907 | D:3      | Bought a +1 helmet of see invisible for 165 gold pieces
  3469 | D:3      | Found Reth's General Store.
  3494 | D:3      | Bought a scroll of blinking for 97 gold pieces
  3494 | D:3      | Bought a scroll of teleportation for 39 gold pieces
  3494 | D:3      | Bought a scroll of magic mapping for 45 gold pieces
  3494 | D:3      | Bought a potion of berserk rage for 65 gold pieces
  3503 | D:3      | Found Gaxenah's Armour Shoppe.
  3527 | D:3      | Found Licuolos's Assorted Antiques.
  3532 | D:3      | Bought a viscous green potion for 21 gold pieces
  3532 | D:3      | Bought a smoky grey potion for 21 gold pieces
  3532 | D:3      | Bought a wand of flame (10) for 24 gold pieces
  3541 | D:3      | Reached XP level 6. HP: 48/48 MP: 9/9
  3914 | D:4      | Reached skill level 2 in Staves
  4126 | D:4      | Reached skill level 3 in Staves
  4126 | D:4      | Reached XP level 7. HP: 11/54 MP: 10/10
  5187 | D:4      | Reached skill level 4 in Staves
  5274 | D:5      | Entered Level 5 of the Dungeon
  5433 | D:5      | Found a broken altar of Ashenzari.
  5440 | D:5      | Reached skill level 5 in Evocations
  5440 | D:5      | Reached XP level 8. HP: 57/60 MP: 11/11
  5488 | D:5      | Reached skill level 5 in Staves
  6215 | D:6      | Found a staircase to the Ecumenical Temple.
  6219 | D:6      | Noticed Eustachio
  6225 | Temple   | Entered the Ecumenical Temple
  6233 | Temple   | Killed Eustachio
  6234 | Temple   | Reached skill level 6 in Staves
  6350 | D:6      | Reached XP level 9. HP: 59/65 MP: 12/12
  6625 | D:6      | Reached skill level 7 in Staves
  6788 | D:6      | Found Diahapn's General Store.
  6837 | D:6      | Bought a +1 ring mail of willpower for 192 gold pieces
  7755 | D:7      | Reached skill level 8 in Staves
  7859 | D:7      | Reached XP level 10. HP: 19/71 MP: 13/13
  8257 | D:7      | Noticed Pikel
  8274 | D:7      | Killed Pikel
  8275 | D:7      | Reached skill level 9 in Staves
  9649 | D:8      | Reached skill level 10 in Evocations
  9689 | D:8      | Noticed a cyclops
  9691 | D:8      | Killed a cyclops
  9692 | D:8      | Reached skill level 10 in Staves
  9692 | D:8      | Reached skill level 1 in Earth Magic
 10333 | D:9      | Found an ancient bone altar of Kikubaaqudgha.
 11274 | D:9      | Found Ughesu's Weapon Emporium.
 11325 | D:9      | Noticed Harold
 11331 | D:9      | Killed Harold
 11332 | D:9      | Reached XP level 11. HP: 77/77 MP: 14/14
 11824 | D:10     | Entered Level 10 of the Dungeon
 11930 | D:10     | Found a white marble altar of Elyvilon.
 11938 | D:10     | Became a worshipper of Elyvilon the Healer
 11971 | D:10     | Found a flagged portal.
 11978 | D:10     | Reached skill level 11 in Staves
 11990 | Bailey   | Entered a bailey
 12323 | Bailey   | Reached skill level 5 in Earth Magic
 12643 | D:10     | Noticed Nergalle
 12646 | D:10     | Killed Nergalle
 12652 | D:10     | Noticed a +0 hand axe
 12652 | D:10     | Noticed a +0 hand axe
 12656 | D:10     | Found a hide-covered altar of Uskayaw.
 12837 | D:10     | Reached * piety under Elyvilon
 12994 | D:10     | Found a radiant altar of Vehumet.
 13377 | D:10     | Found a sparkling altar of Nemelex Xobeh.
 13378 | D:10     | Found an opulent altar of Gozag.
 13395 | D:10     | Reached ** piety under Elyvilon
 13426 | D:10     | Found Riubrifo's Superior Scales.
 13586 | D:11     | Noticed a five-headed hydra
 13593 | D:11     | Killed a five-headed hydra
 14090 | D:11     | Noticed Josephine
 14111 | D:11     | Killed Josephine
 14140 | D:11     | Reached XP level 12. HP: 29/83 MP: 12/15
 14654 | D:11     | Noticed Amaemon
 14654 | D:11     | Noticed a boulder beetle
 14682 | D:11     | Killed a boulder beetle
 14694 | D:11     | Elyvilon protects you from harm!
 14696 | D:11     | Killed Amaemon
 14699 | D:11     | HP: 3/83 [orange demon[Amaemon] (5)]
 14703 | D:11     | Slain by an orange demon

Illustrated notes

Levels and vault maps discovered:
D:1:      co_arrival_random_square_maze, layout_basic,
          shapermc_ecumenical_altar_mp_vishouse, serial_glass, glass_columns_a,
          glass_columns_c, st_stairs_9
D:2:      layout_loops_ring, basic_altar, chequers_serial_rivers_small_a,
          minmay_between, uniq_crazy_yiuf_cottage, uniq_jessica
D:3:      layout_loops_corners, serial_shops, shop, shop, nicolae_diamond_shop,
          shop, nicolae_shop_stone
D:4:      layout_gridville, ebering_dispersal_statue_hall
D:5:      layout_cave_pools, ashenzari_conservatory_becter, serial_column_ruins,
          column_ruins_hut_water, column_ruins_square_large,
          column_ruins_columns_straight, column_ruins_open_small,
          column_ruins_grid_3, column_ruins_grid_1, serial_bayou_ford_a
D:6:      minmay_inner_zag, layout_gridville, minmay_temple_entry_mini_moons,
          nicolae_inconvenience_store, uniq_eustachio
D:7:      layout_loops_cross, uniq_pikel
D:8:      layout_basic
D:9:      layout_stronghold, mainiacjoe_overflow_cross_hatched, serial_shops,
          nicolae_shop_waterfront, uniq_harold
D:10:     layout_gridville, grunt_temple_overflow_opulence,
          dancing_weapons_uskayaw, elyvilon_altar_1, vehumet_altar_wand_db,
          enter_bailey_5, st_stairs_11, hellmonk_scale_shop, uniq_nergalle
D:11:     layout_small_grid, lair_entry_dummy, uniq_amaemon, uniq_josephine
Temple:   eino_wide_crystal_templ

Skill      XL: |  1  2  3  4  5  6  7  8  9 10 11 12 |
---------------+-------------------------------------+-----
Fighting       | 2 3 4 |  4.0
Maces & Flails | 1 |  1.0
Evocations     | 2 3 5 6 8 10 | 10.0
Staves         | 1 3 4 6 8 10 11 | 11.9
Earth Magic    | 4 8 9 |  9.6
Dodging        | |  2.0
Unarmed Combat | |  3.0
Spellcasting   | |  2.0
Transmutations | |  2.0

Action                   |  1- 3 |  4- 6 |  7- 9 | 10-12 || total
-------------------------+-------+-------+-------+-------++-------
Melee: Unarmed           |    52 |     6 |       |       ||    58
       Kick              |     9 |     1 |       |       ||    10
       Flail             |    16 |    11 |       |       ||    27
       Headbutt          |     3 |     2 |       |       ||     5
       Punch             |     3 |     2 |     6 |     6 ||    17
       Mace              |       |    64 |   250 |   208 ||   522
       Quarterstaff      |       |     7 |       |   214 ||   221
 Fire: Sling             |     3 |       |       |       ||     3
 Cast: Beastly Appendage |    18 |     2 |       |       ||    20
Invok: Purification      |       |       |       |     1 ||     1
Evoke: Wand              |       |    13 |    20 |    52 ||    85
  Use: Scroll            |     3 |     9 |     4 |     8 ||    24
       Potion            |     1 |       |       |     8 ||     9
 Stab: Sleeping          |     2 |       |     1 |       ||     3
       Paralysed         |       |       |       |     6 ||     6
Armor: Robe              |    15 |       |       |       ||    15
       Leather armour    |       |    21 |    84 |       ||   105
       Ring mail         |       |       |    22 |   134 ||   156
Dodge: Dodged            |    58 |    82 |   186 |   195 ||   521
       Repelled          |       |       |       |     4 ||     4
Block: Other             |       |    21 |    68 |   101 ||   190
       Reflection        |       |       |     2 |     5 ||     7

Table legend: (Time is in decaauts)
 A = Elapsed time spent in this place.
 B = Non-inter-level travel time spent in this place.
 C = Inter-level travel time spent in this place.
 D = Time resting spent in this place.
 E = Time spent auto-exploring this place.
 F = Levels seen in this place.
 G = Mean time per level.
                   A        B        C        D        E       F      G
               +--------+--------+--------+--------+--------+-----+--------+
         Total |  14708 |  14137 |    571 |   2463 |   9196 |  13 | 1131.4 |
       Dungeon |  13998 |  13427 |    571 |   2132 |   8985 |  11 | 1272.5 |
        Temple |     97 |     97 |      0 |      0 |     63 |   1 |   97.0 |
        Bailey |    612 |    612 |      0 |    331 |    148 |   1 |  612.0 |
               +--------+--------+--------+--------+--------+-----+--------+

Top non-repeatable levels by time:
     D:8: 1612 daAuts
     D:9: 1534 daAuts
     D:2: 1497 daAuts
     D:4: 1448 daAuts
     D:6: 1407 daAuts
     D:3: 1391 daAuts
    D:10: 1319 daAuts
     D:7: 1260 daAuts
     D:1: 984 daAuts
    D:11: 840 daAuts
     D:5: 702 daAuts
  Bailey: 612 daAuts
  Temple: 97 daAuts
